TOP OF THE 1ST |
Victoria Capitals batting - Pitching for Oakland Oaks : RHP Dan Rohrbach
|
Pitching: RHP Dan Rohrbach
|
|
Batting: RHB Enrique Valdez
|
0-0: Swinging Strike 0-1: Fly out, F8 (Flyball, 8RS, EV 81.2 MPH)
|
Batting: LHB Taki Matsui
|
0-0: Ball 1-0: Ball 2-0: Ball 3-0: Called Strike 3-1: Base on Balls
|
Batting: RHB Nick Edmunds
|
0-0: Called Strike 0-1: Called Strike 0-2: Strikes out swinging
|
Batting: RHB Jesus Santiago
|
0-0: Ball 1-0: Foul Ball, location: 2F 1-1: 2-RUN HOME RUN (Flyball, 9D, EV 101.2 MPH), Distance : 407 ft
|
Batting: SHB Frank Amato
|
0-0: Ground out 4-3 (Groundball, 4M, EV 108.8 MPH)
|
Top of the 1st over - 2 runs, 1 hit, 0 errors, 0 left on base; Victoria 2 - Oakland 0 |
BOTTOM OF THE 1ST |
Oakland Oaks batting - Pitching for Victoria Capitals : RHP Raul Lopez
|
Pitching: RHP Raul Lopez
|
|
Batting: RHB Scott Lister
|
0-0: Foul Ball, location: 2F 0-1: Ball 1-1: Swinging Strike 1-2: Ball 2-2: Fly out, F9 (Line Drive, 9, EV 98.1 MPH)
|
Batting: RHB Brian Callaghan
|
0-0: Ball 1-0: Reached on error, E3 (Groundball, 3, EV 82.5 MPH)
|
Batting: LHB Alejandro Muniz
|
0-0: Called Strike 0-1: Ball 1-1: Fly out, F9 (Flyball, 9LS, EV 93.8 MPH)
|
Batting: LHB Felipe Gomez
|
0-0: Ball 1-0: Ball 2-0: Called Strike 2-1: Swinging Strike 2-2: Foul Ball, location: 2F 2-2: Strikes out looking
|
Bottom of the 1st over - 0 runs, 0 hits, 1 error, 1 left on base; Victoria 2 - Oakland 0 |
TOP OF THE 2ND |
Victoria Capitals batting - Pitching for Oakland Oaks : RHP Dan Rohrbach
|
Batting: SHB Ray Skogen
|
0-0: Foul Ball, location: 2F 0-1: Swinging Strike 0-2: Foul Ball, location: 2F 0-2: Foul Ball, location: 2F 0-2: Strikes out swinging
|
Batting: RHB Jung-wan Aan
|
0-0: Ball 1-0: Ball 2-0: Swinging Strike 2-1: Swinging Strike 2-2: Ball 3-2: Foul Ball, location: 2F 3-2: Strikes out swinging
|
Batting: RHB Danny Pujols
|
0-0: Called Strike 0-1: Ground out 3-1 (Groundball, 3L, EV 99.4 MPH)
|
Top of the 2nd over - 0 runs, 0 hits, 0 errors, 0 left on base; Victoria 2 - Oakland 0 |
BOTTOM OF THE 2ND |
Oakland Oaks batting - Pitching for Victoria Capitals : RHP Raul Lopez
|
Batting: LHB Marcus Pollard
|
0-0: Ball 1-0: SINGLE (Line Drive, 89M, EV 90.6 MPH)
|
Batting: SHB Steve Salafia
|
0-0: Called Strike 0-1: Ball 1-1: Foul Ball, location: 2F 1-2: Ball 2-2: Foul Ball, location: 2F 2-2: Ball 3-2: Base on Balls Marcus Pollard to second
|
Batting: RHB Rusty Prodoehl
|
0-0: Swinging Strike 0-1: Ball 1-1: Foul Ball, location: 2F 1-2: Foul Ball, location: 2F 1-2: Ball 2-2: Foul Ball, location: 2F 2-2: Grounds into double play, 6-4-3 (Groundball, 6, EV 78.1 MPH) Marcus Pollard to third
|
Batting: RHB Jake Leffel
|
0-0: Foul Ball, location: 2F 0-1: Foul Ball, location: 2F 0-2: Foul Ball, location: 2F 0-2: Strikes out looking
|
Bottom of the 2nd over - 0 runs, 1 hit, 0 errors, 1 left on base; Victoria 2 - Oakland 0 |
TOP OF THE 3RD |
Victoria Capitals batting - Pitching for Oakland Oaks : RHP Dan Rohrbach
|
Batting: LHB Addisu Nyamekye
|
0-0: Bunt for hit to 23 - play at first, batter OUT! 3-4
|
Batting: RHB Enrique Valdez
|
0-0: Called Strike 0-1: Called Strike 0-2: Strikes out swinging
|
Batting: LHB Taki Matsui
|
0-0: Foul Ball, location: 2F 0-1: Ball 1-1: Swinging Strike 1-2: Strikes out swinging
|
Top of the 3rd over - 0 runs, 0 hits, 0 errors, 0 left on base; Victoria 2 - Oakland 0 |
BOTTOM OF THE 3RD |
Oakland Oaks batting - Pitching for Victoria Capitals : RHP Raul Lopez
|
Batting: RHB David Sharp
|
0-0: Ball 1-0: Called Strike 1-1: Ground out 1-3 (Groundball, 23, EV 71.9 MPH)
|
Batting: RHB Scott Lister
|
0-0: Ball 1-0: Called Strike 1-1: Ball 2-1: Foul Ball, location: 2F 2-2: Foul Ball, location: 2F 2-2: Strikes out swinging
|
Batting: RHB Brian Callaghan
|
0-0: Called Strike 0-1: Ball 1-1: Ground out 5-3 (Groundball, 56, EV 102.5 MPH)
|
Bottom of the 3rd over - 0 runs, 0 hits, 0 errors, 0 left on base; Victoria 2 - Oakland 0 |
TOP OF THE 4TH |
Victoria Capitals batting - Pitching for Oakland Oaks : RHP Dan Rohrbach
|
Pitching: RHP Caleb Hansberger
|
|
Batting: RHB Nick Edmunds
|
0-0: Ball 1-0: Called Strike 1-1: Ball 2-1: Called Strike 2-2: Strikes out swinging
|
Batting: RHB Jesus Santiago
|
0-0: Ball 1-0: Swinging Strike 1-1: Foul Ball, location: 2F 1-2: Strikes out swinging
|
Batting: SHB Frank Amato
|
0-0: Called Strike 0-1: Swinging Strike 0-2: Strikes out looking
|
Top of the 4th over - 0 runs, 0 hits, 0 errors, 0 left on base; Victoria 2 - Oakland 0 |
BOTTOM OF THE 4TH |
Oakland Oaks batting - Pitching for Victoria Capitals : RHP Raul Lopez
|
Batting: LHB Alejandro Muniz
|
0-0: Reached on error, E3 (Groundball, 34S, EV 92.5 MPH)
|
Batting: LHB Felipe Gomez
|
0-0: Foul Ball, location: 2F 0-1: Called Strike 0-2: Strikes out looking
|
Batting: LHB Marcus Pollard
|
0-0: Ball 1-0: Fielders Choice at 2nd, 6-4 (Groundball, 6, EV 107.5 MPH)
|
Batting: SHB Steve Salafia
|
0-0: Foul Ball, location: 2F 0-1: Ball 1-1: Ball 2-1: Foul Ball, location: 2F 2-2: Ground out U3 (Groundball, 34, EV 110.6 MPH)
|
Bottom of the 4th over - 0 runs, 0 hits, 1 error, 1 left on base; Victoria 2 - Oakland 0 |
TOP OF THE 5TH |
Victoria Capitals batting - Pitching for Oakland Oaks : RHP Caleb Hansberger
|
Batting: SHB Ray Skogen
|
0-0: Called Strike 0-1: Foul Ball, location: 2F 0-2: Ball 1-2: Strikes out swinging
|
Batting: RHB Jung-wan Aan
|
0-0: Ball 1-0: Ball 2-0: Ball 3-0: Called Strike 3-1: Fly out, F8 (Line Drive, 8LD, EV 98.8 MPH)
|
Batting: RHB Danny Pujols
|
0-0: Fly out, F8 (Flyball, 89M, EV 82.5 MPH)
|
Top of the 5th over - 0 runs, 0 hits, 0 errors, 0 left on base; Victoria 2 - Oakland 0 |
BOTTOM OF THE 5TH |
Oakland Oaks batting - Pitching for Victoria Capitals : RHP Raul Lopez
|
Batting: RHB Rusty Prodoehl
|
0-0: Ball 1-0: Ball 2-0: Ball 3-0: Swinging Strike 3-1: Called Strike 3-2: Strikes out swinging
|
Batting: RHB Jake Leffel
|
0-0: Foul Ball, location: 2F 0-1: SINGLE (Groundball, 6MD, EV 101.2 MPH)
|
Batting: RHB David Sharp
|
0-0: Ball 1-0: DOUBLE (Line Drive, 7LS, EV 88.8 MPH) Jake Leffel to third Runner from 3rd tries for Home, SAFE, no throw by LF
|
Batting: RHB Scott Lister
|
0-0: Foul Ball, location: 2F 0-1: Ball 1-1: Called Strike 1-2: Ball 2-2: Fly out, F7 (Flyball, 78D, EV 108.1 MPH) Throwing error, E7 David Sharp scores
|
Batting: RHB Brian Callaghan
|
0-0: Foul Ball, location: 2F 0-1: DOUBLE (Line Drive, 7LM, EV 111.9 MPH)
|
Batting: LHB Alejandro Muniz
|
0-0: Ground out 5-3 (Groundball, 6, EV 81.9 MPH)
|
Bottom of the 5th over - 2 runs, 3 hits, 1 error, 1 left on base; Victoria 2 - Oakland 2 |
TOP OF THE 6TH |
Victoria Capitals batting - Pitching for Oakland Oaks : RHP Caleb Hansberger
|
Batting: LHB Addisu Nyamekye
|
0-0: Ball 1-0: Called Strike 1-1: Foul Ball, location: 2F 1-2: Strikes out swinging
|
Batting: RHB Enrique Valdez
|
0-0: Ball 1-0: Swinging Strike 1-1: Called Strike 1-2: Strikes out looking
|
Batting: LHB Taki Matsui
|
0-0: Swinging Strike 0-1: Ball 1-1: TRIPLE (Line Drive, 89XD, EV 107.5 MPH)
|
Batting: RHB Nick Edmunds
|
0-0: Called Strike 0-1: Ball 1-1: Swinging Strike 1-2: Ball 2-2: Ball 3-2: Base on Balls
|
Pitching: LHP Hector Perdomo
|
|
Batting: RHB Jesus Santiago
|
0-0: Ball 1-0: Ball 2-0: Fly out, F6 (Popup, 15S, EV 90.6 MPH)
|
Top of the 6th over - 0 runs, 1 hit, 0 errors, 2 left on base; Victoria 2 - Oakland 2 |
BOTTOM OF THE 6TH |
Oakland Oaks batting - Pitching for Victoria Capitals : RHP Raul Lopez
|
Batting: LHB Felipe Gomez
|
0-0: Ball 1-0: Ball 2-0: Foul Ball, location: 2F 2-1: Foul Ball, location: 2F 2-2: Strikes out swinging
|
Pitching: LHP Chris Wheeler
|
|
Batting: LHB Marcus Pollard
|
0-0: Called Strike 0-1: Ball 1-1: Called Strike 1-2: Foul Ball, location: 2F 1-2: Foul Ball, location: 2F 1-2: Hit by Pitch
|
Batting: SHB Steve Salafia
|
0-0: Ball 1-0: Ball 2-0: Ball 3-0: Called Strike 3-1: Fly out, F8 (Flyball, 89D, EV 91.9 MPH)
|
Batting: RHB Rusty Prodoehl
|
0-0: Called Strike 0-1: Ball 1-1: Ground out U3 (Groundball, 3, EV 91.9 MPH)
|
Bottom of the 6th over - 0 runs, 0 hits, 0 errors, 1 left on base; Victoria 2 - Oakland 2 |
TOP OF THE 7TH |
Victoria Capitals batting - Pitching for Oakland Oaks : LHP Hector Perdomo
|
Batting: SHB Frank Amato
|
0-0: Ball 1-0: Called Strike 1-1: Ball 2-1: Foul Ball, location: 2F 2-2: Fly out, F7 (Flyball, 7, EV 88.8 MPH)
|
Batting: SHB Ray Skogen
|
0-0: Called Strike 0-1: Ball 1-1: Ball 2-1: Fly out, F8 (Flyball, 8LD, EV 100.6 MPH)
|
Batting: RHB Jung-wan Aan
|
0-0: Ball 1-0: Ball 2-0: Called Strike 2-1: Ball 3-1: Swinging Strike 3-2: Foul Ball, location: 2F 3-2: SINGLE (Groundball, 6MD, EV 95.6 MPH)
|
Batting: RHB Danny Pujols
|
0-0: Fly out, F7 (Flyball, 7S, EV 88.8 MPH)
|
Top of the 7th over - 0 runs, 1 hit, 0 errors, 1 left on base; Victoria 2 - Oakland 2 |
BOTTOM OF THE 7TH |
Oakland Oaks batting - Pitching for Victoria Capitals : LHP Chris Wheeler
|
Pitching: RHP Chris Julien
|
|
Pinch Hitting: LHB Igor Ciobanu
|
0-0: Fly out, F7 (Flyball, 7D, EV 110.6 MPH)
|
Batting: RHB David Sharp
|
0-0: Called Strike 0-1: Ball 1-1: Ball 2-1: Foul Ball, location: 2F 2-2: Strikes out looking
|
Batting: RHB Scott Lister
|
0-0: Ball 1-0: Called Strike 1-1: SINGLE (Groundball, 6MD, EV 105.0 MPH)
|
Batting: RHB Brian Callaghan
|
|
Pinch Hitting: LHB Mike Murphy
|
0-0: Foul Ball, location: 2F 0-1: Called Strike 0-2: Ball 1-2: Ground out 6-3 (Groundball, 6, EV 83.1 MPH)
|
Bottom of the 7th over - 0 runs, 1 hit, 0 errors, 1 left on base; Victoria 2 - Oakland 2 |
TOP OF THE 8TH |
Victoria Capitals batting - Pitching for Oakland Oaks : LHP Hector Perdomo
|
Now at SS: Antonio Olivares
|
|
Now in LF: Mike Murphy
|
|
Now in CF: Felipe Gomez
|
|
Batting: LHB Addisu Nyamekye
|
0-0: Ball 1-0: Ball 2-0: Ball 3-0: Called Strike 3-1: Called Strike 3-2: Foul Ball, location: 2F 3-2: Strikes out looking
|
Batting: RHB Enrique Valdez
|
0-0: Ball 1-0: Ball 2-0: Ball 3-0: Called Strike 3-1: Ground out 5-3 (Groundball, 56, EV 98.8 MPH)
|
Batting: LHB Taki Matsui
|
0-0: Fly out, F8 (Flyball, 8LM, EV 82.5 MPH)
|
Top of the 8th over - 0 runs, 0 hits, 0 errors, 0 left on base; Victoria 2 - Oakland 2 |
BOTTOM OF THE 8TH |
Oakland Oaks batting - Pitching for Victoria Capitals : RHP Chris Julien
|
Batting: LHB Alejandro Muniz
|
0-0: Called Strike 0-1: Foul Ball, location: 2F 0-2: SOLO HOME RUN (Flyball, 9LD, EV 95.0 MPH), Distance : 364 ft
|
Batting: LHB Felipe Gomez
|
0-0: TRIPLE (Flyball, 89XD, EV 111.2 MPH)
|
Batting: LHB Marcus Pollard
|
0-0: Called Strike 0-1: Ground out 2-3 (Groundball, 2L, EV 66.9 MPH)
|
Batting: SHB Steve Salafia
|
0-0: Intentional Walk
|
Batting: RHB Rusty Prodoehl
|
0-0: Ball 1-0: Foul Ball, location: 2F 1-1: Swinging Strike 1-2: Foul Ball, location: 2F 1-2: Foul Ball, location: 2F 1-2: SINGLE (Line Drive, 8RM, EV 86.9 MPH) Felipe Gomez scores Steve Salafia to second
|
Batting: RHB Antonio Olivares
|
0-0: Fielders Choice at 2nd, 6-4 (Groundball, 6, EV 90.6 MPH) Steve Salafia to third
|
Batting: RHB David Sharp
|
0-0: Ball Antonio Olivares steals 2nd base 1-0: Ball 2-0: Ball 3-0: Called Strike 3-1: Foul Ball, location: 2F 3-2: Foul Ball, location: 2F 3-2: SINGLE (Line Drive, 89S, EV 107.5 MPH) Steve Salafia scores Antonio Olivares to third Runner from 3rd tries for Home, SAFE, throw by RF to home
|
Pitching: RHP Aaron Black
|
|
Batting: RHB Scott Lister
|
0-0: Ball 1-0: Ball 2-0: DOUBLE (Line Drive, 78XD, EV 109.4 MPH) David Sharp to third
|
Batting: LHB Mike Murphy
|
0-0: Ball 1-0: Foul Ball, location: 2F 1-1: Foul Ball, location: 2F 1-2: Ground out 4-3 (Groundball, 4, EV 85.0 MPH)
|
Bottom of the 8th over - 4 runs, 5 hits, 0 errors, 2 left on base; Victoria 2 - Oakland 6 |
TOP OF THE 9TH |
Victoria Capitals batting - Pitching for Oakland Oaks : LHP Hector Perdomo
|
Pitching: RHP Charlie Shook
|
|
Batting: RHB Nick Edmunds
|
0-0: Ball 1-0: Foul Ball, location: 2F 1-1: Ball 2-1: Swinging Strike 2-2: Ball 3-2: Ground out 1-3 (Groundball, 25, EV 68.1 MPH)
|
Batting: RHB Jesus Santiago
|
0-0: Called Strike 0-1: Foul Ball, location: 2F 0-2: Strikes out swinging
|
Batting: SHB Frank Amato
|
0-0: Called Strike 0-1: SINGLE (Groundball, 4MD, EV 95.6 MPH)
|
Batting: SHB Ray Skogen
|
0-0: Foul Ball, location: 2F 0-1: Ball 1-1: Ball 2-1: Swinging Strike 2-2: Foul Ball, location: 2F 2-2: Strikes out looking
|
Top of the 9th over - 0 runs, 1 hit, 0 errors, 1 left on base; Victoria 2 - Oakland 6 |
|